 Dungeon Crawl Stone Soup version 0.31.0-1-g2c135a008e (webtiles) character file.

Game seed: 8613309629962924569

2024 qw the Shooter (level 9, -6/65 HPs)
             Began as a Djinni Hunter on Jan 23, 2024.
             Was a Follower of Okawaru.
             Mangled by a gnoll
             ... wielding a +0 halberd
             ... led by a gnoll sergeant
              (11 damage)
             ... on level 6 of the Dungeon.
             The game lasted 00:00:23 (4339 turns).

qw the Shooter (Djinni Hunter)                      Turns: 4339, Time: 00:00:24

Health: -6/65      AC:  4    Str: 10    XL:     9   Next: 47%
Gold:   264        EV: 16    Int: 11    God:    Okawaru [*.....] SH:  0 Dex: 21

rFire   + + .        j - +0 longbow
rCold   . . .        (shield currently unavailable)
rNeg    . . .        d - +2 robe {Will+}
rPois   inf          (helmet restricted)
rElec   .            (no cloak)
rCorr   .            (no gloves)
SInv    .            (boots unavailable)
Will    +....        (no amulet)
Stlth   ++           e - ring of protection from cold
HPRegen 0.30/turn    (no ring)
MPRegen 0.00/turn

%: infuse magic (-7 HP)
@: flying
A: sickness immunity, fire resistance 2, cold vulnerability 1, float, innate
caster, HP casting, extra vitality 1, beak, screaming 1, noise suppression
a: Renounce Religion, Heroism


You were on level 6 of the Dungeon.
You worshipped Okawaru.
Okawaru was aware of your devotion.
You visited 1 branch of the dungeon, and saw 6 of its levels.

You collected 369 gold pieces.
You spent 105 gold pieces at shops.


Innate Abilities, Weirdness & Mutations

You are immune to sickness and miasma.
You are immune to poison.
Your flesh is very heat resistant. (rF++)
You are vulnerable to cold. (rC-)
You float through the air rather than walking.
You learn spells naturally, not from books.
Your magical power is your life essence.
You have superior vitality. (+4 MHP)
You have a beak for a mouth.
You occasionally shout uncontrollably at your foes.
You passively dampen the noise of your surroundings.


   Skills:
 - Level 5.0 Fighting
 + Level 7.4 Ranged Weapons
 - Level 3.9 Armour
 - Level 6.0 Dodging
 - Level 0.7 Stealth
 + Level 3.1 Invocations


You knew the following spells:

 Your Spells              Type           Power      Damage    Failure   Level
a - Summon Small Mammal   Summ           0%         N/A       34%         1
b - Ensorcelled Hibernat  Hex/Ice        0%         N/A       47%         2
c - Swiftness             Air            0%         N/A       71%         3
d - Inner Flame           Hex/Fire       0%         N/A       71%         3
Your spell library was empty.

Inventory:

Hand Weapons
 j - a +0 longbow (weapon)
Armour
 d - a +2 robe of willpower (worn)
 f - +0 steam dragon scales
Jewellery
 e - a ring of protection from cold (left hand)
Wands
 l - a wand of charming (4)
Potions
 a - a potion of haste {unknown}
 b - a potion of might
 c - a potion of curing
 h - a potion of mutation

Dungeon Overview and Level Annotations

Branches:
Dungeon (6/15)
 Temple: D:4-7

Altars:
Nemelex Xobeh
Okawaru
Wu Jian
Xom
Zin

Shops:
D:5 *


Message History

Okawaru accepts your kill. The gnoll barely misses you.
The gnoll hits you from afar with a +0 spear.
The gnoll sergeant barely misses you. The gnoll misses you.
The gnoll closely misses you.
The gnoll sergeant hits you from afar with a +0 spear!
You shoot an arrow. The gnoll sergeant blocks the arrow.
The gnoll hits you from afar with a +0 halberd.
The gnoll hits you from afar with a +0 spear.
The gnoll sergeant hits you from afar with a +0 spear.
You shoot an arrow. The arrow hits the orc!!
You kill the orc!
Okawaru accepts your kill. The gnoll barely misses you. x2
The gnoll sergeant hits you from afar with a +0 spear!
You shoot an arrow. The gnoll sergeant blocks the arrow.
The gnoll misses you. The gnoll hits you but does no damage.
The gnoll sergeant misses you.
The gnoll sergeant completely misses you.
The gnoll misses you. The gnoll closely misses you.
You shoot an arrow. The gnoll sergeant blocks the arrow.
The gnoll hits you from afar with a +0 halberd!
The gnoll closely misses you. The gnoll sergeant barely misses you.
4337 ||| DRINKING potion of heal wounds.
You feel much better.
The gnoll hits you from afar with a +0 halberd.
The gnoll misses you. The gnoll sergeant barely misses you.
You shoot an arrow. The arrow hits the gnoll sergeant!
The gnoll sergeant is heavily wounded.
The gnoll hits you from afar with a +0 halberd!
The gnoll hits you from afar with a +0 spear.
The gnoll sergeant completely misses you.
You shoot an arrow. The arrow hits the gnoll sergeant!
The gnoll sergeant is almost dead.
The gnoll misses you. x2
The gnoll sergeant hits you from afar with a +0 spear!
The gnoll sergeant closely misses you.
The gnoll hits you from afar with a +0 spear.
The gnoll hits you from afar with a +0 halberd!
You die...

#..............######
#..............#...#.
#..............#.>.#.
##+#..............'...#.
..................#...#.
..................#...#.
..................#...#.
..................#...##
....###@####......#...##
. #.))...#....).#.....
#.ggg..#......#.....
#...g...#......#.....
#.......#......#.....
#.......#......#.....
'..))...#......'.....
.##...##'#......######
####........#


You could see a gnoll sergeant and 3 gnolls.

Vanquished Creatures
  Pikel (D:5)
  Sigmund (D:3)
  A steam dragon (D:4)
  2 ice beasts (D:6)
  A centaur (D:6)
  A kobold brigand (D:5)
  3 scorpions (D:5)
  2 hounds (D:4)
  A bombardier beetle (D:3)
  A jelly (D:4)
  A gnoll bouda (D:6)
  2 iguanas (D:5)
  7 orc wizards
  3 sleepcaps (D:5)
  7 adders
  12 gnolls
  3 white imps
  2 ufetubi (D:5)
  A ribbon worm (D:2)
  A dart slug (D:4)
  29 orcs
  7 endoplasms
  5 giant cockroaches
  12 goblins
  10 hobgoblins
  6 quokkas
  A ball python (D:1)
  3 bats
  5 frilled lizards
  18 kobolds
  6 rats
155 creatures vanquished.

Notes
Turn   | Place    | Note
-------+----------+-------------------------------------------
     0 | D:1      | qw the Djinni Hunter began the quest for the Orb.
     0 | D:1      | Reached XP level 1. HP: 18/18 MP: 0/0
     0 | D:1      | 0 ||| qw: Version: 0.3-a-136-gdd3b4e8
     0 | D:1      | 0 ||| qw: Game counter: 1007
     0 | D:1      | 0 ||| qw: Melee chars always use a shield: true
     0 | D:1      | 0 ||| qw: God list: Okawaru
     0 | D:1      | 0 ||| qw: Allow faded altars: false
     0 | D:1      | 0 ||| qw: Do Orc after clearing Dungeon:15 true
     0 | D:1      | 0 ||| qw: Do second Lair branch before Depths: true
     0 | D:1      | 0 ||| qw: Lair rune preference: random
     0 | D:1      | 0 ||| qw: Goals: Normal
     0 | D:1      | 0 ||| PLANNING D:1-11
   116 | D:1      | Reached XP level 2. HP: 23/23 MP: 0/0
   420 | D:1      | 420 ||| UPGRADING to ring of protection from cold.
   421 | D:1      | 421 ||| READING scroll labelled MOAJUP FOZU.
   421 | D:1      | 421 ||| ENCHANTING +0 shortbow.
   422 | D:1      | 422 ||| READING scroll labelled APERIE HIDWA.
   422 | D:1      | 422 ||| IDENTIFYING clear potion
   423 | D:1      | 423 ||| READING scroll labelled MOMESY MENA.
   424 | D:1      | 424 ||| DRINKING 2 sedimented coppery potions.
   424 | D:1      | Gained mutation: You occasionally shout uncontrollably at
                  | your foes. [potion of mutation]
   424 | D:1      | Gained mutation: You have a beak for a mouth. [potion of
                  | mutation]
   424 | D:1      | Gained mutation: You passively dampen the noise of your
                  | surroundings. [potion of mutation]
   425 | D:1      | 425 ||| DROPPING scroll of butterflies.
   457 | D:2      | Reached skill level 4 in Ranged Weapons
   457 | D:2      | Reached XP level 3. HP: 24/28 MP: 0/0
   457 | D:2      | Learned a level 1 spell: Summon Small Mammal
   569 | D:2      | Reached XP level 4. HP: 31/34 MP: 0/0
   640 | D:2      | Reached skill level 3 in Fighting
  1172 | D:2      | 1172 ||| UPGRADING to +0 ring mail.
  1182 | D:2      | 1182 ||| DROPPING +0 leather armour.
  1183 | D:2      | 1183 ||| READING 3 scrolls of identify.
  1183 | D:2      | 1183 ||| IDENTIFYING emerald potion
  1184 | D:2      | 1184 ||| READING 2 scrolls of identify.
  1184 | D:2      | 1184 ||| IDENTIFYING scroll labelled ROJ CIEDDAELOI
  1185 | D:2      | 1185 ||| READING scroll of identify.
  1185 | D:2      | 1185 ||| IDENTIFYING scroll labelled VUIBI IRGHUOTE
  1186 | D:2      | 1186 ||| DROPPING scroll of revelation.
  1187 | D:2      | 1187 ||| DROPPING scroll of fog.
  1204 | D:3      | 1204 ||| STAIRDANCE
  1249 | D:3      | 1249 ||| READING scroll of enchant weapon.
  1249 | D:3      | 1249 ||| ENCHANTING +1 shortbow.
  1278 | D:3      | Noticed Sigmund
  1279 | D:3      | 1279 ||| ZAPPING wand of flame (20) at 2,-1 (Sigmund;
                  | floor).
  1280 | D:3      | 1280 ||| ZAPPING wand of flame (19) at 2,-1 (Sigmund;
                  | floor).
  1281 | D:3      | 1281 ||| ZAPPING wand of flame (18) at 2,-1 (Sigmund;
                  | floor).
  1282 | D:3      | 1282 ||| ZAPPING wand of flame (17) at 2,-1 (Sigmund;
                  | floor).
  1283 | D:3      | 1283 ||| ZAPPING wand of flame (16) at 2,-1 (Sigmund;
                  | floor).
  1284 | D:3      | 1284 ||| ZAPPING wand of flame (15) at 2,-1 (Sigmund;
                  | floor).
  1285 | D:3      | 1285 ||| ZAPPING wand of flame (14) at 2,-1 (Sigmund;
                  | floor).
  1286 | D:3      | 1286 ||| ZAPPING wand of flame (13) at 2,-1 (Sigmund;
                  | floor).
  1287 | D:3      | 1287 ||| ZAPPING wand of flame (12) at 2,-1 (Sigmund;
                  | floor).
  1288 | D:3      | 1288 ||| ZAPPING wand of flame (11) at 2,-1 (Sigmund;
                  | floor).
  1288 | D:3      | Killed Sigmund
  1289 | D:3      | Reached skill level 3 in Armour
  1289 | D:3      | Reached XP level 5. HP: 40/40 MP: 0/0
  1289 | D:3      | Learned a level 2 spell: Ensorcelled Hibernation
  1289 | D:3      | Reached XP level 6. HP: 46/46 MP: 0/0
  1295 | D:3      | Found an ornate altar of the Wu Jian Council.
  1361 | D:3      | Found a shimmering altar of Xom.
  1366 | D:3      | Found a glowing silver altar of Zin.
  1741 | D:3      | Found a faded altar of an unknown god.
  1842 | D:3      | 1842 ||| SWAPPING to +0 longbow.
  1847 | D:3      | 1847 ||| DROPPING +2 shortbow.
  1945 | D:3      | 1945 ||| READING scroll of identify.
  1945 | D:3      | 1945 ||| IDENTIFYING sedimented emerald potion
  1946 | D:3      | 1946 ||| DRINKING 2 fizzy grey potions.
  1947 | D:3      | 1947 ||| DROPPING potion of magic.
  2197 | D:4      | Reached XP level 7. HP: 49/50 MP: 0/0
  2197 | D:4      | Learned a level 3 spell: Swiftness
  2390 | D:4      | Reached skill level 5 in Ranged Weapons
  2405 | D:4      | Noticed a steam dragon
  2413 | D:4      | Killed a steam dragon
  2720 | D:4      | 2720 ||| UPGRADING to +0 steam dragon scales.
  2730 | D:4      | 2730 ||| DROPPING +0 ring mail.
  2731 | D:4      | 2731 ||| READING 2 scrolls of identify.
  2731 | D:4      | 2731 ||| IDENTIFYING purple potion
  2732 | D:4      | 2732 ||| READING scroll of identify.
  2732 | D:4      | 2732 ||| IDENTIFYING scroll labelled ADGHIU XODAWK
  2733 | D:4      | 2733 ||| DROPPING scroll of poison.
  2734 | D:4      | 2734 ||| DROPPING potion of degeneration.
  2776 | D:5      | Entered Level 5 of the Dungeon
  2803 | D:5      | 2803 ||| DRINKING 2 potions of curing.
  2803 | D:5      | 2803 ||| (to cure confusion)
  2812 | D:5      | 2812 ||| FLEEEEING.
  2813 | D:5      | 2813 ||| FLEEEEING.
  2814 | D:5      | 2814 ||| FLEEEEING.
  2816 | D:5      | 2816 ||| FLEEEEING.
  2817 | D:5      | 2817 ||| FLEEEEING.
  2819 | D:5      | 2819 ||| FLEEEEING.
  2820 | D:5      | 2820 ||| FLEEEEING.
  2821 | D:5      | 2821 ||| FLEEEEING.
  2822 | D:5      | 2822 ||| FLEEEEING.
  2823 | D:5      | 2823 ||| FLEEEEING.
  2824 | D:5      | 2824 ||| FLEEEEING.
  2825 | D:5      | 2825 ||| FLEEEEING.
  2826 | D:5      | 2826 ||| FLEEEEING.
  2827 | D:5      | 2827 ||| FLEEEEING.
  2828 | D:5      | 2828 ||| FLEEEEING.
  2829 | D:5      | 2829 ||| DRINKING potion of curing.
  2829 | D:5      | 2829 ||| (to cure confusion)
  2830 | D:5      | 2830 ||| FLEEEEING.
  2831 | D:5      | 2831 ||| FLEEEEING.
  2832 | D:5      | 2832 ||| FLEEEEING.
  2833 | D:5      | 2833 ||| FLEEEEING.
  2834 | D:5      | 2834 ||| FLEEEEING.
  2837 | D:5      | 2837 ||| STAIRDANCE
  3039 | D:5      | Reached XP level 8. HP: 58/58 MP: 0/0
  3236 | D:5      | Found Qaenn's Assorted Antiques.
  3245 | D:5      | 3245 ||| BUYING 2 scrolls of identify (84 gold).
  3245 | D:5      | Bought 2 scrolls of identify for 84 gold pieces
  3245 | D:5      | 3245 ||| BUYING scroll labelled MYDGHU WEOSK (21 gold).
  3245 | D:5      | Bought a scroll labelled MYDGHU WEOSK for 21 gold pieces
  3245 | D:5      | 3245 ||| SHOPLISTING wand of charming (9) (453 gold, have
                  | 215).
  3259 | D:5      | Found a sparkling altar of Nemelex Xobeh.
  3373 | D:5      | Reached skill level 6 in Ranged Weapons
  3538 | D:5      | Found an iron altar of Okawaru.
  3539 | D:5      | 3539 ||| PLANNING OKAWARU WORSHIP
  3539 | D:5      | 3539 ||| UPGRADING to +2 robe of willpower.
  3549 | D:5      | 3549 ||| READING 2 scrolls of identify.
  3549 | D:5      | 3549 ||| IDENTIFYING scroll labelled ERCHAQ TONORGH
  3550 | D:5      | 3550 ||| READING scroll of identify.
  3550 | D:5      | 3550 ||| IDENTIFYING scroll labelled MYDGHU WEOSK
  3551 | D:5      | 3551 ||| READING scroll labelled ZUFUXU ATANWOQOMY.
  3552 | D:5      | 3552 ||| DROPPING scroll of noise.
  3553 | D:5      | 3553 ||| DROPPING scroll of amnesia.
  3561 | D:5      | Became a worshipper of Warmaster Okawaru
  3562 | D:5      | 3562 ||| PLANNING D:1-11
  3660 | D:5      | Noticed Pikel
  3661 | D:5      | 3661 ||| RETREEEEATING.
  3670 | D:5      | Killed Pikel
  3670 | D:5      | Reached * piety under Okawaru
  3671 | D:5      | Reached skill level 7 in Ranged Weapons
  3671 | D:5      | Reached XP level 9. HP: 34/62 MP: 0/0
  3671 | D:5      | Learned a level 3 spell: Inner Flame
  3671 | D:5      | 3671 ||| FLEEEEING.
  3672 | D:5      | 3672 ||| FLEEEEING.
  3673 | D:5      | 3673 ||| FLEEEEING.
  3674 | D:5      | 3674 ||| FLEEEEING.
  3675 | D:5      | 3675 ||| FLEEEEING.
  3676 | D:5      | 3676 ||| FLEEEEING.
  3677 | D:5      | 3677 ||| FLEEEEING.
  3678 | D:5      | 3678 ||| FLEEEEING.
  3679 | D:5      | 3679 ||| FLEEEEING.
  3680 | D:5      | 3680 ||| FLEEEEING.
  3681 | D:5      | 3681 ||| FLEEEEING.
  3682 | D:5      | 3682 ||| FLEEEEING.
  3683 | D:5      | 3683 ||| FLEEEEING.
  3684 | D:5      | 3684 ||| FLEEEEING.
  3873 | D:5      | 3873 ||| DROPPING wand of flame (10).
  3950 | D:6      | 3950 ||| STAIRDANCE
  3956 | D:5      | Reached skill level 1 in Invocations
  3958 | D:6      | 3958 ||| STAIRDANCE
  4025 | D:6      | HP: 15/65 [white imp/puff of frost (8)]
  4026 | D:6      | 4026 ||| DRINKING 2 potions of heal wounds.
  4274 | D:6      | Reached skill level 3 in Invocations
  4329 | D:6      | Reached skill level 6 in Dodging
  4336 | D:6      | HP: 15/65 [gnoll/+0 halberd[a gnoll sergeant] (7)]
  4337 | D:6      | 4337 ||| DRINKING potion of heal wounds.
  4339 | D:6      | HP: 5/65 [gnoll/+0 spear[a gnoll sergeant] (3)]
  4339 | D:6      | Mangled by a gnoll

Levels and vault maps discovered:
D:1:      elethiomel_arrival_shortcut, layout_rooms
D:2:      layout_basic, chequers_serial_rivers_micro_e, minmay_pentomino_p4
D:3:      minmay_chambers_of_threes, layout_rooms, mainiacjoe_overflow_alcove_1,
          mainiacjoe_overflow_24_doors, xom_teletrap_fun,
          dreamdust_ecumenical_altar_angels_and_demons,
          kennysheep_generic_room_11, uniq_sigmund
D:4:      layout_gridville, hellmonk_sif_muna_bookshelves,
          nicolae_overflow_crystal_walls, minmay_small_thing
D:5:      layout_loops_ring, okawaru_altar_gauntlet_db,
          nicolae_overflow_hidden_temple, serial_shops, nicolae_shop_waterfront,
          minmay_misc_feat_ornament, uniq_pikel
D:6:      layout_gridville, nicolae_qazlal_eye_of_the_storm, grunt_tough_drop

Skill      XL: |  1  2  3  4  5  6  7  8  9 |
---------------+----------------------------+-----
Ranged Weapons | 4 5 7 |  7.4
Fighting       | 3 4 5 |  5.0
Armour         | 3 |  3.9
Dodging        | 4 5 6 |  6.0
Invocations    | 3 |  3.1
Stealth        | |  0.7

Action                     |  1- 3 |  4- 6 |  7- 9 || total
---------------------------+-------+-------+-------++-------
   Fire: Shortbow          |    78 |   107 |       ||   185
         Longbow           |       |    43 |   247 ||   290
  Evoke: Wand              |       |    10 |       ||    10
    Use: Scroll            |     3 |     5 |     5 ||    13
         Potion            |     1 |     1 |     4 ||     6
 Armour: Leather armour    |    20 |    16 |       ||    36
         Ring mail         |       |    29 |    17 ||    46
         Steam dragon scal |       |       |    52 ||    52
         Robe              |       |       |    59 ||    59
  Dodge: Dodged            |    28 |    64 |   149 ||   241

Table legend:
 A = Non-vault XP
 B = Vault XP
 C = Vault XP percentage of total XP
 D = Non-vault monster count
 E = Vault monster count
 F = Vault count percentage of total count
                 A         B        C        D         E       F
            +---------+---------+-------+---------+---------+-------
      Total |    1740 |    1152 |  39.8 |     126 |      29 |  18.7
            +---------+---------+-------+---------+---------+-------
        D:1 |      22 |       0 |   0.0 |      14 |       0 |   0.0
        D:2 |      73 |      24 |  24.7 |      23 |       7 |  23.3
        D:3 |     100 |     277 |  73.5 |      18 |      13 |  41.9
        D:4 |     106 |     229 |  68.4 |      11 |       2 |  15.4
        D:5 |     842 |     622 |  42.5 |      40 |       7 |  14.9
        D:6 |     597 |       0 |   0.0 |      20 |       0 |   0.0
            +---------+---------+-------+---------+---------+-------
